 Dungeon Crawl Stone Soup version 0.31.0-32-g396128a36d (webtiles) character file.

Game seed: 17696831366547545374

71 Logoto the Trooper (level 4, -2/41 HPs)
             Began as a Hill Orc Fighter on Mar 9, 2024.
             Was a Believer of Zin.
             Slain by a gnoll
             ... wielding a +0 flail
              (3 damage)
             ... on level 2 of the Dungeon.
             The game lasted 00:06:48 (1133 turns).

Logoto the Trooper (Hill Orc Fighter)               Turns: 1133, Time: 00:06:49

Health: -2/41      AC:  7    Str: 20    XL:     4   Next: 24%
Magic:  4/4        EV:  9    Int:  8    God:    Zin [**....]
Gold:   65         SH:  4    Dex: 10    Spells: 3/3 levels left

rFire   . . .        a - +0 war axe
rCold   . . .        c - +0 buckler
rNeg    . . .        b - +0 scale mail
rPois   .            (no helmet)
rElec   .            (no cloak)
rCorr   .            (no gloves)
SInv    .            (no boots)
Will    .....        (no amulet) Stlth
                     h - ring of wizardry
HPRegen 0.26/turn    (no ring)
MPRegen 0.09/turn

%: wizardry (x1)
@: no status effects
A: no striking features
a: Renounce Religion, Recite, Vitalisation, Donate Gold


You were on level 2 of the Dungeon.
You worshipped Zin.
Zin was pleased with you.
You visited 1 branch of the dungeon, and saw 3 of its levels.

You collected 83 gold pieces.
You donated 18 gold pieces to Zin.

Inventory:

Hand Weapons
 a - a +0 war axe (weapon)
 d - a +0 dagger of electrocution
Missiles
 m - 17 stones (quivered)
Armour
 b - a +0 scale mail (worn)
 c - a +0 buckler (worn)
Jewellery
 h - a ring of wizardry (left hand)
Scrolls
 e - a scroll of fog {unknown}
 g - a scroll of blinking {unknown}
 i - 3 scrolls of teleportation {unknown}
 k - a scroll of amnesia {unknown}
 l - a scroll of revelation {unknown}
 n - a scroll of vulnerability {unknown}
Potions
 f - a potion of degeneration {unknown}
 j - a potion of curing {unknown}


   Skills:
 + Level 4.4 Fighting
 + Level 4.0 Axes
 + Level 3.7 Armour
 + Level 0.1 Dodging
 + Level 3.7 Shields


You had 3 spell levels left.
You didn't know any spells.
Your spell library was empty.

Dungeon Overview and Level Annotations

Branches:
Dungeon (3/15)

Altars:
Makhleb
Zin


Message History

The gnoll is heavily wounded.
You barely miss the gnoll. The gnoll hits you with a +0 flail.
The gnoll hits you with a +0 club! The gnoll closely misses you.
The gnoll hits you with a +0 flail.
You can't go down here!
The gnoll hits you with a +0 flail. The gnoll hits you with a +0 club.
* * * LOW HITPOINT WARNING * * *
You climb upwards.
There is a stone staircase leading down here.
You barely miss the gnoll.
The gnoll is heavily wounded.
You hit the gnoll but do no damage. The gnoll closely misses you.
The gnoll barely misses you.
You completely miss the gnoll.
The gnoll is heavily wounded.
You hit the gnoll. You block the gnoll's attack.
The gnoll hits you with a +0 flail.
* * * LOW HITPOINT WARNING * * *
You hit the gnoll.
The gnoll is almost dead.
You closely miss the gnoll. The gnoll closely misses you.
You block the gnoll's attack. The gnoll barely misses you. x2
You closely miss the gnoll.
The gnoll is almost dead.
You hit the gnoll but do no damage. The gnoll barely misses you.
The gnoll hits you with a +0 flail.
* * * LOW HITPOINT WARNING * * *
You closely miss the gnoll.
The gnoll is almost dead.
You closely miss the gnoll. The gnoll hits you with a +0 club.
* * * LOW HITPOINT WARNING * * *
The gnoll hits you with a +0 flail. Zin protects you from harm!
You closely miss the gnoll.
The gnoll is almost dead.
You barely miss the gnoll. The gnoll completely misses you.
The gnoll hits you with a +0 flail.
* * * LOW HITPOINT WARNING * * *
The gnoll attacks as it pursues you! The gnoll hits you with a +0 flail.
You die...

................#
#.##.#.#.###
................###.#..#.#.#
...............#....#......#
.........................###
...............#.#.##..###
...............).#.##..##
...............#>.......#
................gg.....##
...............#@##....#
...............#.##.####
..........##.....##.#
#...#.#.#.##.#.####.##
'...#.#.#.##.#.......#
#...#.....#....#######
#...###.###....#
#...###...#....###
#...##.#.###.....#


You could see 2 gnolls.

Vanquished Creatures
  A gnoll (D:2)
  3 adders (D:2)
  A ribbon worm (D:2)
  A dart slug (D:2)
  2 bats (D:2)
  5 endoplasms
  4 goblins (D:2)
  A hobgoblin (D:2)
  2 quokkas (D:2)
  3 ball pythons
  4 kobolds
  A rat (D:2)
28 creatures vanquished.

Notes
Turn   | Place    | Note
-------+----------+-------------------------------------------
     0 | D:1      | Logoto the Hill Orc Fighter began the quest for the Orb.
     0 | D:1      | Reached XP level 1. HP: 19/19 MP: 1/1
    90 | D:1      | You fall into a shaft and drop 1 floor!
    98 | D:2      | Found a faded altar of an unknown god.
   121 | D:2      | Prayed at the altar of an unknown god.
   121 | D:2      | Became a worshipper of Zin the Law-Giver
   121 | D:2      | Reached * piety under Zin
   126 | D:2      | Donated 10 gold pieces to Zin
   146 | D:2      | Reached XP level 2. HP: 23/27 MP: 2/2
   294 | D:2      | Reached XP level 3. HP: 30/33 MP: 3/3
   306 | D:2      | Reached ** piety under Zin
   362 | D:2      | Found a burning altar of Makhleb.
   804 | D:2      | Reached XP level 4. HP: 13/40 MP: 4/4
  1130 | D:2      | HP: 2/41 [gnoll/+0 club (1)]
  1130 | D:2      | Zin protects you from harm!
  1133 | D:2      | Slain by a gnoll

Illustrated notes

Levels and vault maps discovered:
D:1:      wheals_arrival_shading, layout_loops_ring, minmay_tree_intersection
D:2:      layout_basic, ebering_ecumenical_altar_petrified, basic_altar,
          wad_floor_pattern_2
D:3:      layout_rooms, zin_treasury

Skill      XL: |  1  2  3  4 |
---------------+-------------+-----
Axes           | 3 4 |  4.0
Fighting       | 4 |  4.4
Armour         | |  3.7
Dodging        | |  0.1
Shields        | |  3.7

Action                     |  1- 3 |  4- 6 || total
---------------------------+-------+-------++-------
  Melee: War axe           |    88 |    16 ||   104
 Invoke: Donate Gold       |     1 |       ||     1
    Use: Potion            |     1 |       ||     1
 Armour: Scale mail        |    55 |    20 ||    75
  Dodge: Dodged            |    42 |    16 ||    58
  Block: Buckler           |    24 |     3 ||    27
